 Dungeon Crawl Stone Soup version 0.29-a0-878-g7b45a56547 (webtiles) character file.

Game seed: 6821660799509497892

235 jlumianski the Chiller (level 5, 0/34 (36) HPs)
             Began as a Demonspawn Ice Elementalist on July 19, 2022.
             Slain by Crazy Yiuf
             ... wielding a +4 quarterstaff of chaos
              (3 damage)
             ... on level 3 of the Dungeon.
             The game lasted 00:16:24 (4038 turns).

jlumianski the Chiller (DsIE)                       Turns: 4038, Time: 00:16:25

HP:   0/34 (36)     AC:  7    Str:  6    XL:     5   Next: 76%
MP:   0/9           EV: 11    Int: 18    God:
Gold: 163           SH:  0    Dex: 18    Spells: 3/10 levels left

rFire   . . .      SeeInvis .   p - +5 hammer of the Hurling Scorpion {vamp, Str-2 Dex+4}
rCold   . . .      Faith    .   (no shield)
rNeg    . . .      Spirit   .   u - +0 leather armour
rPois   .          Reflect  .   (helmet restricted)
rElec   .          Harm     .   (no cloak)
rCorr   .          Rampage  .   (no gloves)
Will    .....                   (no boots)
Stlth   ++........              (no amulet)
HPRegen 0.11/turn               (no ring)
MPRegen 0.11/turn               (no ring)

@: ice-armoured, freezing walls, very slightly contaminated, drained
A: hooves 1, horns 1, demonic touch 1
a: no special abilities


You were on level 3 of the Dungeon.
You visited 1 branch of the dungeon, and saw 3 of its levels.

You collected 163 gold pieces.

Inventory:

Hand Weapons
 c - a +0 sling
 d - a +0 dagger
 h - a +0 great sword
 i - a +0 club
 p - the +5 hammer of the Hurling Scorpion (weapon) {vamp, Str-2 Dex+4}
   (You found it on level 3 of the Dungeon)

   It occasionally heals its wielder for a portion of the damage dealt when it
   wounds a living foe.
   Str:       It affects your strength (-2).
   Dex:       It affects your dexterity (+4).
 q - a +0 short sword
 v - a +4 dagger
Missiles
 f - 45 stones
 n - 6 poisoned darts (quivered)
Armour
 a - a +0 robe
 k - a +0 helmet
 u - a +0 leather armour (worn)
Magical Staves
 o - a staff of earth
Scrolls
 g - 3 scrolls of teleportation
 l - 2 scrolls of identify
 m - a scroll of fog
 t - a scroll of fear
Potions
 b - a potion of magic
 e - 2 potions of curing
 j - a potion of attraction
 r - a potion of might
 s - 2 potions of heal wounds


   Skills:
 + Level 0.5 Fighting
 + Level 0.4 Short Blades
 + Level 1.0 Ranged Weapons
 + Level 1.2 Armour
 + Level 2.0 Dodging
 + Level 2.1 Stealth
 + Level 3.0 Spellcasting
 + Level 5.2 Ice Magic


You had 3 spell levels left.
You knew the following spells:

 Your Spells              Type           Power      Damage    Failure   Level
a - Freeze                Ice            84%        1d10      3%          1
b - Frozen Ramparts       Ice            42%        1d6       9%          3
c - Ozocubu's Armour      Ice            21%        N/A       9%          3

Your spell library contained the following spells:

 Spells                   Type           Power      Damage    Failure   Level
 Hailstorm                Conj/Ice       12%        3d5       65%         4


Dungeon Overview and Level Annotations

Branches:
Dungeon (3/15)

Altars:
Fedhas

Annotations:
D:3 Crazy Yiuf


Innate Abilities, Weirdness & Mutations

You have large cloven feet.
You have a pair of small horns on your head.
Your touch may inflict minor irresistible damage on your foes.


Message History

You see here a +0 hammer.
You see here a +0 hammer.
Crazy Yiuf shouts!
You see here a +0 hammer.
You open the door.
Casting: Frozen Ramparts (dangerous; 9% risk of failure)
Confirm with . or Enter, or press ? or * to list all spells.
Casting: Frozen Ramparts (dangerous; 9% risk of failure)
Press: ? - help, Dir - look around, f - activate You miscast Frozen Ramparts.
You are very lightly contaminated with residual magic.
Nothing appears to happen.
Crazy Yiuf hits you with a +4 quarterstaff of chaos!
You feel drained.
Casting: Frozen Ramparts (dangerous; 9% risk of failure)
Confirm with . or Enter, or press ? or * to list all spells.
Casting: Frozen Ramparts (dangerous; 9% risk of failure)
Press: ? - help, Dir - look around, f - activate The walls around you are covered in ice.
The wall freezes Crazy Yiuf.
Crazy Yiuf twirls on the spot.
Crazy Yiuf hits you with a +4 quarterstaff of chaos.
Crazy Yiuf draws strength from your wounds!
Casting: Frozen Ramparts (dangerous; 9% risk of failure)
Confirm with . or Enter, or press ? or * to list all spells.
A film of ice covers your body!
The wall freezes Crazy Yiuf.
Crazy Yiuf hits you with a +4 quarterstaff of chaos.
* * * LOW HITPOINT WARNING * * *
Crazy Yiuf burns you.
* * * LOW HITPOINT WARNING * * *
The heat melts your icy armour.
You hit Crazy Yiuf.
You feel better.
Your kick misses Crazy Yiuf.
You headbutt Crazy Yiuf, but do no damage.
Your touch misses Crazy Yiuf.
Crazy Yiuf is heavily wounded.
The wall freezes Crazy Yiuf.
Crazy Yiuf hits you with a +4 quarterstaff of chaos!
* * * LOW HITPOINT WARNING * * *
Crazy Yiuf burns you.
You die...

.###### #.#
##..####.##########
.##...# #.# #....#
#...........
.##...# #.# ♣....♣
###########.
.##...# #.# ♣♣..)♣
#.....# #. .##...#
#.# ♣♣)♣♣ #.....#
#. .##...# #.# ♣♣)♣
#.....# #. .##...#
#.## ♣.♣♣ #.....#
###. .##...###..#
♣♣)♣ #.....###...
'##........# ♣@♣♣
#...........
........#..# #g#
#.....##....
........#..# )))
#.....##....
.....>..'..# #)))#
#.#.####....
........#..# #).)#
#.#....#.#..
........#..# #####
#.#....#.#..
........#..#
#.#....#.#..
........#..##
#####.#....#.#..
........#...#
#.#...#....#.#..


You could see Crazy Yiuf.

Vanquished Creatures
  2 orc priests (D:3)
  2 orc wizards (D:3)
  Robin (D:1)
  4 adders
  A dart slug (D:3)
  4 orcs
  6 ball pythons
  3 bats (D:1)
  6 endoplasms
  3 giant cockroaches (D:1)
  11 goblins
  8 hobgoblins
  2 jackals (D:3)
  7 kobolds
  4 quokkas
  5 frilled lizards
  4 rats
73 creatures vanquished.

Notes
Turn   | Place    | Note
-------+----------+-------------------------------------------
     0 | D:1      | jlumianski the Demonspawn Ice Elementalist began the quest
                  | for the Orb.
     0 | D:1      | Reached XP level 1. HP: 13/13 MP: 3/3
   140 | D:1      | Discovered your monstrous ancestry.
   140 | D:1      | Gained mutation: You have large cloven feet. [demonic
                  | ancestry]
   140 | D:1      | Reached XP level 2. HP: 19/19 MP: 5/5
   195 | D:2      | Reached skill level 4 in Ice Magic
   253 | D:2      | Reached XP level 3. HP: 24/24 MP: 2/6
   261 | D:2      | Noticed Robin
   653 | D:1      | Killed Robin
   674 | D:2      | Learned a level 3 spell: Frozen Ramparts
  1183 | D:1      | Gained mutation: Your touch may inflict minor irresistible
                  | damage on your foes. [demonic ancestry]
  1183 | D:1      | Reached XP level 4. HP: 31/31 MP: 3/7
  1321 | D:1      | Reached skill level 1 in Ranged Weapons
  2097 | D:2      | Learned a level 3 spell: Ozocubu's Armour
  2192 | D:2      | Found a faded altar of an unknown god.
  2873 | D:3      | Reached skill level 1 in Armour
  2873 | D:3      | Gained mutation: You have a pair of small horns on your
                  | head. [demonic ancestry]
  2873 | D:3      | Reached XP level 5. HP: 26/36 MP: 4/9
  2990 | D:3      | Found a runed translucent door.
  2991 | D:3      | Identified the +5 hammer of the Hurling Scorpion {vamp,
                  | Str-2 Dex+4}
  2991 | D:3      | Noticed Crazy Yiuf
  3369 | D:3      | Reached skill level 5 in Ice Magic
  3854 | D:3      | Found a blossoming altar of Fedhas.
  4038 | D:3      | Slain by Crazy Yiuf

Illustrated notes

Levels and vault maps discovered:
D:1:      dpeg_arrival_oval, layout_loops_ring
D:2:      layout_loops_ring, basic_ecumenical_altar, uniq_robin
D:3:      layout_basic, fedhas_altar_1, uniq_crazy_yiuf_cottage

Skill      XL: |  1  2  3  4  5 |
---------------+----------------+-----
Stealth        | 2 |  2.1
Ice Magic      | 4 5 |  5.2
Dodging        | 2 |  2.0
Ranged Weapons | 1 |  1.0
Armour         | 1 |  1.2
Spellcasting   | 3 |  3.0
Fighting       | |  0.5
Short Blades   | |  0.4

Action                   |  1- 3 |  4- 6 || total
-------------------------+-------+-------++-------
Melee: Dagger            |       |    10 ||    10
       Short sword       |       |     8 ||     8
       Kick              |       |     7 ||     7
       Touch             |       |     6 ||     6
       Mace              |       |    15 ||    15
       Headbutt          |       |     3 ||     3
 Fire: Sling             |    27 |       ||    27
 Cast: Freeze            |    33 |     8 ||    41
       Frozen Ramparts   |     4 |    18 ||    22
       Ozocubu's Armour  |       |     2 ||     2
  Use: Scroll            |       |    12 ||    12
       Potion            |       |     1 ||     1
 Stab: Sleeping          |       |     1 ||     1
Armor: Robe              |     9 |     5 ||    14
       Leather armour    |       |     9 ||     9
Dodge: Dodged            |    33 |    25 ||    58

Table legend: (Time is in decaauts)
 A = Elapsed time spent in this place.
 B = Non-inter-level travel time spent in this place.
 C = Inter-level travel time spent in this place.
 D = Time resting spent in this place.
 E = Time spent auto-exploring this place.
 F = Levels seen in this place.
 G = Mean time per level.
                   A        B        C        D        E       F      G
               +--------+--------+--------+--------+--------+-----+--------+
         Total |   4066 |   3928 |    138 |    745 |   2265 |   3 | 1355.3 |
       Dungeon |   4066 |   3928 |    138 |    745 |   2265 |   3 | 1355.3 |
               +--------+--------+--------+--------+--------+-----+--------+

Top non-repeatable levels by time:
     D:1: 1569 daAuts
     D:2: 1248 daAuts
     D:3: 1248 daAuts
